 Dungeon Crawl Stone Soup version 0.27-a0-1378-gdefffd1ff6 (webtiles) character file.

Game seed: 2728930964691967738

464 Brandom the Ruffian (level 6, 0/62 HPs)
             Began as a Troll Delver on June 29, 2021.
             Was a Believer of Yredelemnul.
             Succumbed to a hornet's poison
             ... while paralysed by a hornet
             ... on level 5 of the Dungeon.
             The game lasted 00:15:47 (4182 turns).

Brandom the Ruffian (Troll Delver)                  Turns: 4182, Time: 00:15:48

Health: 0/62       AC:  4    Str: 21    XL:     6   Next: 80%
Magic:  6/6        EV:  1    Int:  6    God:    Yredelemnul [**....]
Gold:   209        SH:  0    Dex: 13    Spells: 5/5 levels left

rFire    . . .     SeeInvis .     - Unarmed
rCold    . . .     Faith    .   (no shield)
rNeg     . . .     Spirit   .   a - +0 robe
rPois    .         Reflect  .   (helmet restricted)
rElec    .         Harm     .   (no cloak)
rCorr    +         Rampage  .   (gloves unavailable)
Will     .....                  (boots unavailable)
Stlth    ++........             (no amulet)
HPRegen  1.20/turn              o - ring of resist corrosion
MPRegen  0.10/turn              (no ring)

@: paralysed, lethally poisoned (0 -> -3), hasted and slowed
A: large, unfitting armour, claws 3, regeneration 1, shaggy fur 1, tough skin 1
a: Renounce Religion, Animate Remains, Recall Undead Slaves, Injury Mirror


You were on level 5 of the Dungeon.
You worshipped Yredelemnul.
Yredelemnul was pleased with you.
You visited 1 branch of the dungeon, and saw 5 of its levels.

You collected 209 gold pieces.

Inventory:

Missiles
 h - 5 atropa-tipped darts (quivered)
Armour
 a - a +0 robe (worn)
Jewellery
 d - a ring of fire
   (You found it on level 3 of the Dungeon)
 i - a ring of flight
   (You found it on level 3 of the Dungeon)
 o - a ring of resist corrosion (left claw)
   (You found it on level 4 of the Dungeon)
Wands
 v - a wand of digging (6)
 x - a wand of acid (5)
   (You found it on level 5 of the Dungeon)
Scrolls
 b - 3 scrolls of fog
 c - 3 scrolls of magic mapping
 f - a scroll of silence {unknown}
 g - 8 scrolls of identify {unknown}
 j - a scroll of amnesia {unknown}
 n - a scroll of blinking {unknown}
 p - a scroll of enchant armour {unknown}
Potions
 e - a potion of haste {@q3}
 k - a potion of brilliance {unknown}
 l - a potion of curing {@q1}
 m - a potion of ambrosia {unknown}


   Skills:
 * Level 4.3 Fighting
 + Level 2.9 Dodging
 - Level 2.7 Stealth
 * Level 4.6 Unarmed Combat
 + Level 1.8 Invocations


You had 5 spell levels left.
You didn't know any spells.
Your spell library contained the following spells:

 Spells                   Type           Power      Damage    Failure   Level
 Foxfire                  Conj/Fire      0%         2x1d4     45%         1
 Magic Dart               Conj           0%         1d3       45%         1
 Blink                    Tloc           N/A        N/A       58%         2
 Call Imp                 Summ           0%         N/A       58%         2
 Slow                     Hex            0%         N/A       58%         2
 Confusing Touch          Hex            0%         N/A       83%         3
 Conjure Flame            Conj/Fire      0%         6-21      83%         3
 Gell's Gravitas          Tloc           0%         N/A       83%         3
 Inner Flame              Hex/Fire       0%         N/A       83%         3
 Mephitic Cloud           Conj/Pois/Air  0%         N/A       83%         3
 Petrify                  Tmut/Erth      0%         N/A       99%         4
 Sticky Flame             Conj/Fire      0%         2d3       99%         4
 Fireball                 Conj/Fire      0%         3d3       100%        5
 Metabolic Englaciation   Hex/Ice        0%         N/A       100%        5
 Yara's Violent Unravell  Hex/Tmut       0%         3d3       100%        5


Dungeon Overview and Level Annotations

Branches:
Dungeon (5/15)
 Temple: D:4-7

Altars:
Qazlal
Yredelemnul
The Shining One

Shops:
D:1 !

Annotations:
D:3 Sigmund


Innate Abilities, Weirdness & Mutations

You are too large for most types of armour.
You have claws for hands.
Your natural rate of healing is unusually fast.
You are covered in fur. (AC +1)
You have tough skin. (AC +1)


Message History

l - 2 blue potions (gained 1)
Found a hand axe.
A hound comes into view.
A hound is nearby!
You see here a bubbling red potion.
The hound barks!
The hornet buzzes angrily.
Found a stone staircase leading up.
The hound bites you. x2
You claw the hound! The hound bites you.
You completely miss the hound. The hound bites you. The hornet stings you!
You are poisoned.
You suddenly lose the ability to move!
You feel very sick. The hound bites you but does no damage.
The hornet stings you!
* * * LOW HITPOINT WARNING * * *
You feel yourself slow down. The hound bites you but does no damage.
You can move again.
Okay, then.
You feel very sick. The hound bites you but does no damage.
The hornet stings you but does no damage.
You feel yourself speed up.
You feel very sick. The hornet stings you!
* * * LOW HITPOINT WARNING * * *
You feel yourself slow down. The hornet misses you.
Unknown command.
You feel yourself speed up.
You feel sick. The hornet completely misses you. The hornet stings you!
* * * LOW HITPOINT WARNING * * *
You suddenly lose the ability to move!
You can move again.
It was a potion of curing.
You feel better.
You feel yourself speed up. The hornet stings you.
* * * LOW HITPOINT WARNING * * *
You feel yourself slow down. The hornet stings you!
* * * LOW HITPOINT WARNING * * *
You feel as though you will be slow longer.
Okay, then.
You barely miss the hornet. The hornet closely misses you.
You barely miss the hornet. The hornet stings you!
* * * LOW HITPOINT WARNING * * *
You are lethally poisoned!
You suddenly lose the ability to move!
You die...
Your body rises from the dead as a mindless zombie.

##..# ....... .#.##
#.........# .#.# ##.........##
...# #.).........# ..##
#...........# #..#
#...........# ##.#
........#..###### #(# #
#.#.##..........#
#.#########.#.#@##..........#
##.[..........hy..!..........#
.....#######...####..........#
####.# #....# #.....<....# ...
......<. #..........#
............ #.......##.#
...........# #.......# ..#
...........# #.......# .#
..........# #.......# .


You could see a hornet and a hound.

Vanquished Creatures
  A necrophage (D:4)
  A phantom (D:4)
  A jelly (D:4)
  A centaur skeleton (D:4)
  Ijyb (D:3)
  An orc wizard (D:4)
  4 gnolls (D:3)
  3 adders
  A shadow imp (D:5)
  An ufetubus (D:4)
  5 worms
  A dart slug (D:1)
  5 orcs
  4 bats
  4 endoplasms
  A giant cockroach (D:2)
  2 goblins
  9 hobgoblins
  9 jackals
  4 kobolds
  5 quokkas
  5 ball pythons
  3 frilled lizards
  2 rats
74 creatures vanquished.

Vanquished Creatures (collateral kills)
  A hound (D:4)
  A bat (D:1)
  An endoplasm (D:2)
  2 hobgoblins
  A rat (D:2)
6 creatures vanquished.

Vanquished Creatures (others)
  A gnoll zombie (D:3)
  4 demonic plants (D:2)
  4 fungi (D:2)
  4 plants (D:2)
  2 withered plants (D:2)
15 creatures vanquished.

Grand Total: 95 creatures vanquished

Notes
Turn   | Place    | Note
-------+----------+-------------------------------------------
     0 | D:5      | Brandom the Troll Delver began the quest for the Orb.
     0 | D:5      | Reached XP level 1. HP: 22/22 MP: 0/0
    28 | D:5      | Noticed a hornet
    61 | D:5      | Found a basalt altar of Yredelemnul.
    66 | D:5      | Found a glowing golden altar of the Shining One.
    68 | D:5      | Noticed an angel
    75 | D:5      | Noticed a profane servitor
    96 | D:5      | Became a worshipper of Yredelemnul the Dark
   142 | D:5      | Noticed an ogre
   242 | D:4      | Noticed an orc wizard
   276 | D:3      | Reached XP level 2. HP: 27/29 MP: 1/1
   373 | D:3      | Noticed Ijyb
   390 | D:3      | Killed Ijyb
   391 | D:3      | Reached XP level 3. HP: 16/37 MP: 2/2
   673 | D:2      | Reached XP level 4. HP: 29/45 MP: 3/3
   721 | D:2      | Reached * piety under Yredelemnul
  1082 | D:1      | Found Risyoqah's Distillery.
  1718 | D:2      | Found a faded altar of an unknown god.
  2479 | D:3      | Noticed Sigmund
  2480 | D:3      | Reached XP level 5. HP: 31/53 MP: 4/4
  3182 | D:4      | Reached skill level 1 in Invocations
  3218 | D:4      | Reached ** piety under Yredelemnul
  3330 | D:4      | Reached XP level 6. HP: 58/62 MP: 4/6
  3553 | D:4      | Found a stormy altar of Qazlal.
  4174 | D:5      | Paralysed by a hornet for 1 turns
  4178 | D:5      | Paralysed by a hornet for 1 turns
  4181 | D:5      | HP: 1/62 [hornet (10)]
  4181 | D:5      | Paralysed by a hornet for 1 turns
  4182 | D:5      | Succumbed to a hornet's poison

Illustrated notes

Levels and vault maps discovered:
D:1:      dpeg_arrival_round_b, layout_basic, serial_shops,
          nicolae_lakefront_shop, minmay_misc_feat_diagonals
D:2:      layout_rooms, shapermc_ecumenical_altar_gd, dk_noncrumbling_4,
          grunt_ministairs_6, grunt_decor_resistance, corexii_shack,
          minivault_19
D:3:      kennysheep_big_flooded_room, layout_basic, item_on_display_a,
          uniq_ijyb, uniq_sigmund
D:4:      layout_basic, nicolae_qazlal_eye_of_the_storm, minivault_25
D:5:      layout_rooms, grunt_temple_overflow_holy_war, saegor_snake_ambush

Skill      XL: |  1  2  3  4  5  6 |
---------------+-------------------+-----
Fighting       | 3 4 |  4.3
Dodging        | 2 |  2.9
Unarmed Combat | 3 4 |  4.6
Invocations    | 1 |  1.8
Stealth        | |  2.7

Action                   |  1- 3 |  4- 6 || total
-------------------------+-------+-------++-------
Melee: Unarmed           |    63 |   172 ||   235
       Punch             |     1 |     1 ||     2
Invok: Animate Remains   |       |    28 ||    28
Evoke: Wand              |       |     1 ||     1
  Use: Scroll            |     1 |       ||     1
       Potion            |       |     2 ||     2
 Stab: Sleeping          |     4 |    10 ||    14
Armor: Robe              |    19 |    49 ||    68
Dodge: Dodged            |    35 |    81 ||   116

Table legend: (Time is in decaauts)
 A = Elapsed time spent in this place.
 B = Non-inter-level travel time spent in this place.
 C = Inter-level travel time spent in this place.
 D = Time resting spent in this place.
 E = Time spent auto-exploring this place.
 F = Levels seen in this place.
 G = Mean time per level.
                   A        B        C        D        E       F      G
               +--------+--------+--------+--------+--------+-----+--------+
         Total |   4170 |   4061 |    109 |    184 |   3123 |   5 |  834.0 |
       Dungeon |   4170 |   4061 |    109 |    184 |   3123 |   5 |  834.0 |
               +--------+--------+--------+--------+--------+-----+--------+

Top non-repeatable levels by time:
     D:3: 1127 daAuts
     D:4: 1056 daAuts
     D:2: 901 daAuts
     D:1: 872 daAuts
     D:5: 213 daAuts
